Match 46311221
Unlisted

Match 46311221
End
Construct Infanterie Kompanie
Kettenkrad Recon Vehicle
Grenadier Squad
Grenadier Squad
Grenadier Squad
Infanterie Officer Quarters
MG 42 Machine Gun Team
Selects Breakthrough Battlegroup
Selects Assault Grenadiers
Construct Luftwaffe Kompanie
Selects Breakthrough
Jäger Squad
Selects Incendiary Bombing Run
Support Elements
Incendiary Bombing Run
mi prima de Cifuentes
Prof. Dr. Redbullet (GER)
蜘蛛侦探
蟑螂恶霸
GANDX
Chompy
Schakal
你的磊爸爸
0
0

Comments sign in to comment!

No comments posted yet!